 Dungeon Crawl Stone Soup version 0.31-a0-517-g48e1739 (webtiles) character file.

Game seed: 11115518931136062786

50 Dorkslayer the Shield-Bearer (level 3, -5/36 HPs)
             Began as a Troll Fighter on Aug 10, 2023.
             Slain by a river rat (7 damage)
             ... on level 3 of the Dungeon.
             The game lasted 00:04:31 (1555 turns).

Dorkslayer the Shield-Bearer (Troll Fighter)        Turns: 1555, Time: 00:04:32

Health: -5/36      AC:  4    Str: 24    XL:     3   Next: 55%
Magic:  2/2        EV:  9    Int:  4    God:
Gold:   134        SH:  8    Dex: 11    Spells: 2/2 levels left

rFire   . . .        a - +1 flail
rCold   . . .        c - +0 kite shield
rNeg    . . .        b - +0 robe
rPois   .            (helmet restricted)
rElec   .            (no cloak)
rCorr   .            (gloves unavailable)
SInv    .            (boots unavailable)
Will    .....        (no amulet)
Stlth   +            (no ring)
HPRegen 1.06/turn    (no ring)
MPRegen 0.08/turn

%: no passive effects
@: no status effects
A: large, unfitting armour, claws 3, regeneration 1, shaggy fur 1, tough skin 1
a: no special abilities


You were on level 3 of the Dungeon.
You visited 1 branch of the dungeon, and saw 3 of its levels.

You collected 134 gold pieces.

Inventory:

Hand Weapons
 a - a +1 flail (weapon)
Armour
 b - a +0 robe (worn)
 c - a +0 kite shield (worn)
Scrolls
 f - a scroll of teleportation
 h - 3 scrolls of identify {unknown}
 i - a scroll of poison {unknown}
 j - a scroll of amnesia {unknown}
 k - a scroll of silence {unknown}
 l - a scroll of vulnerability {unknown}
Potions
 d - a potion of might
 g - a potion of brilliance {unknown}


   Skills:
 + Level 2.8 Fighting
 + Level 2.5 Maces & Flails
 + Level 2.8 Dodging
 + Level 3.0 Shields


You had 2 spell levels left.
You didn't know any spells.
Your spell library contained the following spells:

 Spells                   Type           Power      Damage    Failure   Level
 Slow                     Hex            0%         N/A       77%         1
 Cigotuvi's Dreadful Rot  Necr/Pois/Air  0%         N/A       88%         2
 Confusing Touch          Hex            0%         N/A       98%         3
 Ignite Poison            Fire/Tmut/Pois 0%         N/A       98%         3
 Vampiric Draining        Necr           0%         2d6       98%         3
 Freezing Cloud           Conj/Ice/Air   0%         6-21      100%        5


Dungeon Overview and Level Annotations

Branches:
Dungeon (3/15)

Altars:

Portals:
Sewer: D:3


Innate Abilities, Weirdness & Mutations

You are too large for most types of armour.
You have claws for hands.
Your natural rate of healing is unusually fast.
You are covered in fur. (AC +1)
You have tough skin. (AC +1)


Message History

An orc priest comes into view. It is wielding a +0 mace.
The orc priest shouts!
You hear a shout!
The orc priest calls down the wrath of Beogh upon you.
Beogh smites you!
An orc comes into view. It is wielding a +0 hand axe.
You hear a shout!
Things that are here:
a giant cockroach corpse; a rat corpse; a rat corpse
Okay, then.
You block the river rat's attack. The orc priest hits you with a +0 mace.
You hit the orc priest but do no damage.
The river rat completely misses you. The orc priest hits you with a +0 mace!
The river rat closely misses you.
An orc comes into view. It is wielding a +0 club.
The orc priest hits you with a +0 mace.
You barely miss the orc priest.
The river rat bites you but does no damage.
The orc priest mumbles some strange prayers to Beogh against you.
Pain shoots through your body!
You hit the orc priest but do no damage.
The orc hits you but does no damage. The river rat bites you.
The orc priest hits you with a +0 mace. The orc hits you with a +0 hand axe.
* * * LOW HITPOINT WARNING * * *
Unknown command.
You closely miss the orc priest. You block the river rat's attack.
You block the orc priest's attack. The orc closely misses you.
The orc priest barely misses you. The river rat bites you.
* * * LOW HITPOINT WARNING * * *
You sock the orc priest!
The orc priest is almost dead.
You block the orc's attack. The river rat closely misses you.
You block the orc priest's attack. You block the orc's attack.
You closely miss the orc priest.
The orc priest is almost dead.
You block the river rat's attack. The orc priest hits you with a +0 mace!
* * * LOW HITPOINT WARNING * * *
The orc hits you with a +0 hand axe.
* * * LOW HITPOINT WARNING * * *
The river rat bites you!
You die...

#. ## #..# ..
####.... .##
........ ..#
......#### ..
#.......# .######
#.......####oo~~~∩#
#.......'.†@r.~~~~#
#.>.....####o.~~~~#
#.......# ...~~~#
#.......# ......#
######### ####...
.. +


You could see an orc priest, a river rat and 2 orcs.

Vanquished Creatures
  2 dart slugs
  An orc (D:2)
  4 ball pythons (D:1)
  2 endoplasms
  3 giant cockroaches
  5 goblins
  3 hobgoblins
  2 jackals (D:1)
  A quokka (D:2)
  7 bats
  6 frilled lizards
  2 kobolds
  4 rats
42 creatures vanquished.

Notes
Turn   | Place    | Note
-------+----------+-------------------------------------------
     0 | D:1      | Dorkslayer the Troll Fighter began the quest for the Orb.
     0 | D:1      | Reached XP level 1. HP: 22/22 MP: 0/0
    90 | D:1      | Reached XP level 2. HP: 29/29 MP: 1/1
   771 | D:2      | Reached skill level 3 in Shields
   784 | D:2      | Reached XP level 3. HP: 36/36 MP: 2/2
  1542 | D:3      | Found a glowing drain.
  1555 | D:3      | Slain by a river rat

Illustrated notes

Levels and vault maps discovered:
D:1:      roderic_crossed_star, layout_basic, chequers_hall_statues_y,
          palyth_stone_intersect
D:2:      layout_basic
D:3:      corexii_shack_village, layout_basic, nicolae_qazlal_eye_of_the_storm,
          portal_sewer_entry_b, hangedman_decor_diamond_cutter,
          minmay_randomly_rotated_circles, uniq_grinder, uniq_ijyb

Skill      XL: |  1  2 |
---------------+-------+-----
Maces & Flails | 2 |  2.5
Shields        | 3 |  3.0
Fighting       | |  2.8
Dodging        | |  2.8

Action                     || total
---------------------------++-------
  Melee: Flail             ||   109
    Use: Scroll            ||     2
 Armour: Robe              ||    35
  Dodge: Dodged            ||    42
  Block: Kite shield       ||    53

Table legend: (Time is in decaauts)
 A = Elapsed time spent in this place.
 B = Non-inter-level travel time spent in this place.
 C = Inter-level travel time spent in this place.
 D = Time resting spent in this place.
 E = Time spent auto-exploring this place.
 F = Levels seen in this place.
 G = Mean time per level.
                   A        B        C        D        E       F      G
               +--------+--------+--------+--------+--------+-----+--------+
         Total |   1599 |   1599 |      0 |      0 |    828 |   3 |  533.0 |
       Dungeon |   1599 |   1599 |      0 |      0 |    828 |   3 |  533.0 |
               +--------+--------+--------+--------+--------+-----+--------+

Top non-repeatable levels by time:
     D:1: 790 daAuts
     D:2: 763 daAuts
     D:3: 46 daAuts
